[Event "Early-Titled-Tuesday-Blitz-April-16-2024"]
[Site "Chess.com"]
[Date "2024.04.16"]
[Round "8"]
[White "Zhigalko_Sergei"]
[Black "AnishOnYoutube"]
[Result "0-1"]
[WhiteElo "2931"]
[BlackElo "3056"]
[TimeControl "180+1"]
[EndTime "9:32:14 PDT"]
[Termination "AnishOnYoutube won by checkmate"]

1. e4 e5 2. Nf3 Nc6 3. Bc4 Nf6 4. d3 Bc5 5. O-O d6 6. Nbd2 O-O 7. c3 a5 8. h3 Ba7 9. Re1 Be6 10. Bb5 Ne7 11.
Nf1 c6 12. Ba4 Ng6 13. Ng3 d5 14. exd5 Nxd5 15. Ng5 Bd7 16. Bb3 Qc7 17. Qh5 h6 18. Nf3 Ndf4 19. Bxf4 Nxf4 20. Qxe5 Bxf2+ 21. Kh2 Qxe5 22. Rxe5 Nxd3 23. Re7 Rad8 24. Rf1 Bc5 25. Re2 Bc8 26. Nh4 Be6 27. Bxe6 fxe6 28. Rxf8+ Bxf8 29. Rxe6 Nxb2 30. Ng6 Na4 31. c4 Nc5 32. Re2 Bd6 33. h4 Kf7 34. h5 Re8 35. Rf2+ Ke6 36. Kh3 Bxg3 37. Kxg3 Ne4+ 38. Kf3 Nxf2 39. Kxf2 Kf5 40. Kf3 Re4 41. g4+ Rxg4 42. Ne7+ Kg5 43. c5 Ra4 44. Nc8 Rxa2 45. Nd6 Rc2 46. Ke3 a4 47. Kd3 Rc1 48. Ne4+ Kf4 49. Nf2 Rxc5 50. Ke2 Re5+ 51. Kf1 Rxh5 52. Nd3+ Ke3 53. Ne1 Rf5+ 54. Kg1 Ke2 55. Nc2 Rg5+ 56. Kh2 Kf2 57. Nd4 Rh5# 0-1

[Event "Early-Titled-Tuesday-Blitz-April-16-2024"]
[Site "Chess.com"]
[Date "2024.04.16"]
[Round "8"]
[White "chess_blitz00"]
[Black "manitodeplomo"]
[Result "0-1"]
[WhiteElo "2508"]
[BlackElo "2635"]
[TimeControl "180+1"]
[EndTime "9:32:15 PDT"]
[Termination "manitodeplomo won by resignation"]

1. b3 d5 2. Bb2 Bg4 3. h3 Bh5 4. d3 f6 5. Nd2 e5 6. Ngf3 c5 7. e4 d4 8. Be2 Bf7 9. Nh4 Nc6 10.
a4 Qc7 11. O-O O-O-O 12. Nc4 Kb8 13. Bc1 Nge7 14. f4 Ng6 15. Nxg6 Bxg6 16. fxe5 fxe5 17. Bg5 Be7 18. Qd2 Rdf8 19. Rxf8+ Rxf8 20. Rf1 Rxf1+ 21. Bxf1 h6 22. Bxe7 Qxe7 23. Be2 Bf7 24. Nb2 Qf6 25. Nd1 Qf4 26. Qxf4 exf4 27. Nb2 Kc7 28. Kf2 Ne5 29. Nd1 Kb6 30. Ke1 Ka5 31. Kd2 Kb4 32. Nf2 g5 33.
Ng4 Nxg4 34. Bxg4 Ka5 35. h4 Kb6 36. hxg5 hxg5 37. Ke2 Kc7 38. Kf3 Kd6 39. g3 Ke5 40. Bc8 b6 41. Kg4 fxg3 42. Kxg3 Bh5 43. Bg4 Bg6 44. Bf3 Bf7 45. Kg4 Kf6 46. Kg3 Be6 47. Bg4 Bf7 48. Bf5 Bh5 49. Bg4 Bg6 50. Be2 Bf7 51.
Kg4 Be6+ 52. Kh5 a6 53. Bg4 Bf7+ 54. Kh6 b5 55. axb5 axb5 56. Kh7 c4 57. bxc4 bxc4 58. Kh6 c3 59. Bd1 Be6 60. e5+ Kf5 61. Kh5 Kf4 62.
Kg6 g4 63. Bxg4 Bxg4 64. Kf6 Ke3 65. e6 Bxe6 66. Kxe6 Kd2 67. Kd5 Kxc2 68. Kxd4 Kd2 69. Ke5 c2 70. d4 c1=Q 71. d5 Qc8 72. d6 Qd8 73. Kd5 Ke1 0-1

[Event "Early-Titled-Tuesday-Blitz-April-16-2024"]
[Site "Chess.com"]
[Date "2024.04.16"]
[Round "8"]
[White "Agibileg"]
[Black "Hikaru"]
[Result "0-1"]
[WhiteElo "2786"]
[BlackElo "3262"]
[TimeControl "180+1"]
[EndTime "9:32:17 PDT"]
[Termination "Hikaru won by resignation"]

1. d4 g6 2. c4 Bg7 3. Nc3 c5 4. d5 Bxc3+ 5. bxc3 f5 6. g4 fxg4 7.
h3 d6 8. hxg4 Bxg4 9. f3 Bd7 10.
Bg5 Qa5 11. Qb3 Na6 12. Bh3 O-O-O 13. Rb1 b6 14. Bxd7+ Kxd7 15. Nh3 Nc7 16. Nf4 Nf6 17. Qc2 Rdf8 18. Rb3 Qa4 19. Qd3 Qxa2 20. Rb1 Qa6 21. Kf2 Qc8 22. Ra1 Qb7 23. Qe3 Rf7 24. Kg2 Rg8 25. Ra2 a6 26. Rb2 b5 27. Ne6 Ncxd5 28.
cxd5 Qxd5 29. Bxf6 Qxe6 30. Qxe6+ Kxe6 31. Bh4 Rf4 32. Bg3 Rc4 33. Rb3 h5 34. Ra1 Ra8 35. Be1 g5 36. Rxb5 axb5 37. Rxa8 Ra4 38. Rb8 Ra2 39. Kf1 Rb2 40. Rg8 Kf6 41. Rf8+ Kg7 42. Re8 Kf7 43.
Rh8 h4 44. Rh7+ Kf6 45. Rh6+ Kg7 46. Re6 Kf7 47. Re4 e5 48. Rg4 Kf6 49. Bf2 h3 50. Bg3 Rc2 51. Kg1 Rxc3 52. Kh2 b4 53. Kxh3 b3 54. Bf2 b2 55. Rg1 Rc1 56. Be3 Rxg1 0-1

[Event "Early-Titled-Tuesday-Blitz-April-16-2024"]
[Site "Chess.com"]
[Date "2024.04.16"]
[Round "8"]
[White "M1711"]
[Black "VinzentSpitzl"]
[Result "1-0"]
[WhiteElo "2703"]
[BlackElo "2476"]
[TimeControl "180+1"]
[EndTime "9:32:17 PDT"]
[Termination "M1711 won by resignation"]

1. e4 c5 2. Nf3 d6 3. d4 cxd4 4. Nxd4 Nf6 5. Nc3 a6 6. Rg1 e5 7. Nb3 Be6 8. g4 d5 9. g5 Nxe4 10. Nxe4 dxe4 11. Qxd8+ Kxd8 12. Bg2 Nc6 13. Be3 Kc7 14.
O-O-O Be7 15. Bxe4 Rad8 16. Nc5 Bxc5 17. Bxc5 g6 18.
Rge1 Rxd1+ 19. Rxd1 Rd8 20. Rxd8 Kxd8 21. a4 Kc7 22. Kd2 Nb8 23. a5 Nd7 24. Be3 Nb8 25.
b4 Nc6 26. Bc5 Kd7 27. Bg2 Bc4 28. Kc3 Be6 29. Kd3 Bf5+ 30. Kd2 Be6 31. c3 Bc4 32. Be4 Ke6 33. Ke3 Nd8 34. Bb6 Nc6 35. h4 Bb3 36. Bg2 Bc4 37. Bh3+ Kd6 38. Bc8 Bd5 39. Bxb7 Nxb4 40.
Bc8 Nc6 41. Bxa6 Nb8 42. Be2 Bb7 43. c4 Na6 44. Kd2 Bc8 45. Kc3 Kc6 46. Bf3+ Kd6 47. Bd5 Be6 48. Bxe6 Kxe6 49. Kd3 f5 50. gxf6 Kxf6 51.
c5 Ke6 52. Kc4 h5 53. Kb5 Nb8 54. Bc7 Nd7 55. a6 g5 56. a7 gxh4 57. a8=Q h3 58.
Qf3 1-0

[Event "Early-Titled-Tuesday-Blitz-April-16-2024"]
[Site "Chess.com"]
[Date "2024.04.16"]
[Round "8"]
[White "xasid81"]
[Black "Hudijegszid"]
[Result "1-0"]
[WhiteElo "2632"]
[BlackElo "2466"]
[TimeControl "180+1"]
[EndTime "9:32:17 PDT"]
[Termination "xasid81 won by checkmate"]

1. f4 e5 2. fxe5 d6 3. exd6 Bxd6 4. Nf3 g5 5. g3 g4 6. Nh4 Ne7 7. e4 Ng6 8. Nf5 h5 9. d4 Nc6 10. Bg2 h4 11. Qxg4 Nxd4 12. O-O hxg3 13. hxg3 Nxc2 14.
Rd1 Nxa1 15. Bg5 Qd7 16. Na3 b6 17. Nc4 Bc5+ 18. Kf1 Ba6 19. Rxd7 Bxc4+ 20. Ke1 Kxd7 21. Qd1+ Ke8 22. Qxa1 Ne5 23. Bf6 Nd3+ 24. Kd2 Rh2 25.
Nh4 Rd8 26. Bxd8 Kxd8 27. Kc3 b5 28. a3 a5 29. b3 Bd6 30. Qd1 Be5+ 31. Kc2 Bxb3+ 32.
Kxb3 c5 33. Qxd3+ Kc7 34. Qxb5 Bxg3 35. Nf5 Rxg2 36. Nxg3 Rxg3+ 37. Kc4 Rg6 38. Qxa5+ Kd7 39. Qd2+ Rd6 40. Qf4 Ke7 41. Qe5+ Re6 42. Qxc5+ Kf6 43.
Qd4+ Kg5 44. a4 Kf4 45. Kd3 Ra6 46. Qf2+ Ke5 47. Qf5+ Kd6 48. Qd5+ Kc7 49. Qc4+ Kb6 50. Qb5+ Ka7 51. e5 Re6 52. Ke4 Rb6 53. Qd7+ Rb7 54.
Qd4+ Ka6 55. Kf5 Ka5 56. Qc4 Re7 57. Qb5# 1-0

[Event "Early-Titled-Tuesday-Blitz-April-16-2024"]
[Site "Chess.com"]
[Date "2024.04.16"]
[Round "8"]
[White "rhwr"]
[Black "ExchangeAB"]
[Result "1-0"]
[WhiteElo "2290"]
[BlackElo "2411"]
[TimeControl "180+1"]
[EndTime "9:32:20 PDT"]
[Termination "rhwr won on time"]

1. e4 c6 2. d4 d5 3. Nc3 dxe4 4. Nxe4 Nf6 5. Nxf6+ exf6 6. c3 Bd6 7. Bd3 O-O 8. Ne2 Na6 9. O-O Nc7 10. Bf4 Bg4 11. f3 Bh5 12. Bxd6 Qxd6 13. Ng3 Bg6 14. Ne4 Qd7 15. Nc5 Qc8 16. Bxg6 hxg6 17. Re1 b6 18. Ne4 f5 19. Nd6 Qd7 20. Nc4 f6 21. Qb3 Nd5 22. Ne3 f4 23. Nxd5 cxd5 24. Re2 Rae8 25. Rae1 Rxe2 26.
Rxe2 g5 27. Kf2 Kh7 28. Qc2+ Kg8 29. Qg6 Qf7 30. Qf5 g6 31. Qe6 Rd8 32. Qc6 Kg7 33. Re6 Rd7 34. a4 Re7 35. Rd6 Rc7 36. Qxd5 Qe7 37.
Re6 Qf7 38. Qe4 Qd7 39. d5 Kf7 40. d6 Qxe6 41. dxc7 Qc8 42. Qc6 Ke7 43. b4 a5 44.
b5 f5 45. Qxb6 g4 46. Qc5+ Ke6 47. Qc6+ Ke7 48. b6 g3+ 49. hxg3 fxg3+ 50. Kxg3 f4+ 51.
Kf2 Qf5 52. c8=Q Qc2+ 53. Kg1 Qd1+ 54. Kh2 1-0

[Event "Early-Titled-Tuesday-Blitz-April-16-2024"]
[Site "Chess.com"]
[Date "2024.04.16"]
[Round "8"]
[White "Alenzer"]
[Black "Brahianzevich"]
[Result "0-1"]
[WhiteElo "2200"]
[BlackElo "2496"]
[TimeControl "180+1"]
[EndTime "9:32:20 PDT"]
[Termination "Brahianzevich won by resignation"]

1. e4 c5 2. Nf3 d6 3. d4 cxd4 4. Nxd4 Nf6 5. Nc3 a6 6. Bg5 e6 7. f4 h6 8. Bh4 Qb6 9. Nb3 Qe3+ 10. Qe2 Qxf4 11. Bg3 Qg5 12. Bf2 Nbd7 13. Be3 Qg6 14. Qd3 b5 15. O-O-O Bb7 16. Na5 Bxe4 17. Nxe4 Qxe4 18. Qd2 Rc8 19. Bd3 Qd5 20. Kb1 Ne5 21.
Be2 Qxd2 22. Rxd2 Be7 23. Nb7 d5 24. Na5 Ne4 25. Rdd1 Bg5 26. Bd4 Bf6 27. Be3 Nc4 28. Bc1 Nf2 29. Nxc4 bxc4 30. Rhf1 Nxd1 31. Rxd1 Ke7 32.
Bf3 Rb8 33. Re1 Rb5 34. a4 Ra5 35. b3 cxb3 36. cxb3 Rb8 37. Ka2 Kd7 38. Ba3 Bc3 39. Rc1 Bb4 40. Bb2 Rc5 41. Rxc5 Bxc5 42. Bxg7 Bf8 43.
Be5 Rc8 44. Kb2 Ke7 45. Be2 f6 46. Bc3 Ra8 47. Bb4+ Kd7 48. Bc3 e5 49. Bg4+ Kc6 50.
Bd2 Kc5 51. b4+ Kd4 52. Bc3+ Kd3 53. Bf5+ Ke3 54. g4 d4 55. Be1 Rb8 56. Kb3 d3 57. Kc3 Bxb4+ 58. Kc4 Bxe1 0-1

[Event "Early-Titled-Tuesday-Blitz-April-16-2024"]
[Site "Chess.com"]
[Date "2024.04.16"]
[Round "8"]
[White "alpope"]
[Black "BashirliSaadat"]
[Result "1-0"]
[WhiteElo "2523"]
[BlackElo "2349"]
[TimeControl "180+1"]
[EndTime "9:32:21 PDT"]
[Termination "alpope won on time"]

1. g3 d5 2. Bg2 Nf6 3. b3 c6 4. Bb2 Bf5 5. d3 e6 6. Nd2 Nbd7 7. Ngf3 h6 8. O-O Bd6 9. Re1 Bg4 10. e4 dxe4 11.
dxe4 Ne5 12. h3 Nxf3+ 13. Nxf3 Bxf3 14. Qxf3 Be7 15. Rad1 Qc7 16. e5 Nd5 17. c4 Nb6 18. Rd4 O-O 19. Qh5 Bg5 20. Rg4 g6 21. Rxg5 hxg5 22. Qxg5 Rfc8 23. h4 Qd8 24. Qg4 Qd2 25. Re2 Qh6 26. Re1 Rd8 27. Bc1 Qg7 28. Bg5 Rd7 29. Bf6 Qh6 30. Be4 Qh5 31. Qxh5 gxh5 32. g4 Rd4 33. gxh5 Nd7 34. h6 Nxf6 35. exf6 Rad8 36.
Re3 Kh8 37. Kf1 Rg8 38. h7 Rg4 39. Bc2 Rxh4 40. Rg3 Rhg4 41. Rh3 Rdf4 42. Ke2 Rd4 43. Ke3 c5 44. f3 Rg2 45. Be4 Rdd2 46. Rh5 b6 47.
Re5 Rde2+ 48. Kf4 Rd2 49. Rg5 Rxg5 50. Kxg5 Rxa2 51. Kf4 Rb2 52. Ke5 Rxb3 53. Kd6 a5 54. Ke7 a4 55. Kxf7 a3 56. Ke7 a2 57. f7 1-0

[Event "Early-Titled-Tuesday-Blitz-April-16-2024"]
[Site "Chess.com"]
[Date "2024.04.16"]
[Round "8"]
[White "FairChess_on_YouTube"]
[Black "viditchess"]
[Result "1-0"]
[WhiteElo "3097"]
[BlackElo "3135"]
[TimeControl "180+1"]
[EndTime "9:32:23 PDT"]
[Termination "FairChess_on_YouTube won on time"]

1. c4 e5 2. Nc3 Nf6 3. Nf3 Nc6 4. d3 d5 5. cxd5 Nxd5 6. g3 Bc5 7. Bg2 O-O 8. O-O h6 9. Bd2 Nf6 10. Rc1 Re8 11. a3 a5 12. Qb3 Bf8 13. Rfe1 Rb8 14.
Be3 Be6 15. Qd1 Qd7 16. Nd2 Ng4 17. Nf1 Rbd8 18. Qa4 Nd4 19. Qxd7 Rxd7 20. h3 Nxe3 21. Nxe3 c6 22. g4 Nb3 23. Rc2 Bd6 24. Ne4 a4 25. Nf5 Bf8 26. Nxh6+ gxh6 27. Nf6+ Kh8 28. Nxe8 Be7 29. e3 Rd8 30. Nc7 Bc8 31. d4 Bd6 32. Na8 exd4 33. exd4 Be6 34. d5 cxd5 35. Nb6 d4 36. Rd1 Bf4 37. Bf1 h5 38. f3 d3 39.
Rxd3 Rxd3 40. Bxd3 Be3+ 41. Kg2 Bxb6 42. gxh5 Kg7 43.
Bc4 Nd4 44. Rc1 Bd7 45. Bd5 Nc6 46. Rc4 Ne5 47. Re4 f6 48. Bxb7 Bf5 49. Rf4 Bc2 50. h6+ Kf7 51. Be4 Bxe4 52. fxe4 Kg6 53. h7 Kxh7 54.
Rxf6 Bd4 55. Ra6 Bxb2 56. Rxa4 Kg6 57. Ra6+ Kg5 58. a4 Bc3 59. Ra8 1-0

[Event "Early-Titled-Tuesday-Blitz-April-16-2024"]
[Site "Chess.com"]
[Date "2024.04.16"]
[Round "8"]
[White "WiktoriaPOL"]
[Black "Heinza9"]
[Result "1-0"]
[WhiteElo "2385"]
[BlackElo "2320"]
[TimeControl "180+1"]
[EndTime "9:32:23 PDT"]
[Termination "WiktoriaPOL won on time"]

1. c4 f5 2. Nc3 Nf6 3. g3 g6 4. Bg2 Bg7 5. e3 O-O 6. Nge2 d6 7. O-O e5 8. d3 Nc6 9. Rb1 a5 10. a3 Be6 11. b4 axb4 12. axb4 Qd7 13. b5 Na5 14.
Nd5 h6 15. Bd2 Bxd5 16. cxd5 b6 17. f4 g5 18. e4 fxe4 19. dxe4 exf4 20. gxf4 gxf4 21.
Nxf4 Ng4 22. Bh3 Bd4+ 23. Kg2 h5 24. Nxh5 Rxf1 25. Qxf1 Rf8 26. Bf4 Ne3+ 27. Bxe3 Rxf1 28. Bxd7 Rxb1 29. Bxd4 Nc4 30. Nf6+ Kf7 31. h4 Ne5 32. Bxe5 dxe5 33. Ng4 Ke7 34. Bc6 Kd6 35. h5 Ra1 36.
h6 Ra2+ 37. Kg3 Ra3+ 38. Kh4 Ra1 39. h7 Rh1+ 40. Kg5 Rxh7 41. Kf6 Rh4 42. Kf5 Rh5+ 43. Kg6 Rh4 44. Kg5 Rh3 45. Nh6 Rg3+ 46. Kf5 Rf3+ 47. Kg5 Rf4 48. Nf7+ Kc5 49. Nxe5 Rxe4 50. Nd7+ Kd6 51.
Kf5 Rd4 52. Nf6 Kc5 53. Ne4+ Kc4 54. Nf6 Kc5 55. Nd7+ Kd6 56. Ne5 Rd2 57. Nc4+ Kc5 58. Nxd2 Kd4 59. Ke6 1-0

[Event "Early-Titled-Tuesday-Blitz-April-16-2024"]
[Site "Chess.com"]
[Date "2024.04.16"]
[Round "8"]
[White "bubeliang"]
[Black "Yeritsyaan"]
[Result "1-0"]
[WhiteElo "2778"]
[BlackElo "2657"]
[TimeControl "180+1"]
[EndTime "9:32:26 PDT"]
[Termination "bubeliang won by checkmate"]

1. e4 c5 2. c3 g6 3. d4 cxd4 4. cxd4 d5 5. e5 Nc6 6. Bb5 Bg7 7. Nf3 Bg4 8. Nbd2 e6 9. O-O Ne7 10. h3 Bxf3 11. Nxf3 O-O 12. Bg5 Qb6 13. Bd3 h6 14. Be3 Rac8 15. Qd2 Kh7 16. Nh2 Qb4 17. Nf3 Qxd2 18.
Bxd2 Nf5 19. Bxf5 gxf5 20. Rac1 Rc7 21. Rc3 Rfc8 22. Rfc1 Bf8 23. a3 a6 24. Be3 Be7 25. Ne1 f6 26. Nd3 fxe5 27. Nxe5 Bd6 28. Nd3 Kg6 29.
Nc5 Nd8 30. g3 h5 31. Bf4 Bxf4 32. gxf4 a5 33. Re1 Kf6 34. Rg3 b6 35. Nd3 Rg7 36. Rxg7 Kxg7 37. Ne5 Rc2 38. Re3 Rxb2 39. Rg3+ Kf8 40.
Rg5 b5 41. Rxh5 b4 42. axb4 axb4 43. Rh8+ Ke7 44. Rh7+ Ke8 45. Rb7 b3 46. Rb8 Ke7 47.
h4 Rb1+ 48. Kg2 b2 49. h5 Rd1 50. Rxb2 Rxd4 51. h6 Kf6 52. Rb8 Rxf4 53. Rxd8 Rh4 54. Nc6 Rxh6 55. Kf3 Rh3+ 56. Ke2 Rc3 57. Rd6 f4 58. Kd2 Rc4 59. Kd3 Kf5 60. Nd4+ Ke5 61. Rxe6# 1-0

[Event "Early-Titled-Tuesday-Blitz-April-16-2024"]
[Site "Chess.com"]
[Date "2024.04.16"]
[Round "8"]
[White "guillembaches"]
[Black "ViktoriyaTarasova"]
[Result "1-0"]
[WhiteElo "2541"]
[BlackElo "2367"]
[TimeControl "180+1"]
[EndTime "9:32:26 PDT"]
[Termination "guillembaches won by resignation"]

1. e4 e5 2. Nf3 Nc6 3. Nc3 Nf6 4. d4 exd4 5. Nxd4 Bb4 6. Nxc6 bxc6 7. Bd3 d5 8. Bd2 O-O 9. O-O dxe4 10. Nxe4 Bxd2 11. Nxd2 Rb8 12. b3 Be6 13. Re1 Qd7 14. Qf3 Bd5 15. Qf4 Rfe8 16. h3 Rxe1+ 17. Rxe1 Re8 18. Rxe8+ Nxe8 19. Qe3 a5 20. a4 Qe6 21. Qxe6 Bxe6 22. f4 g6 23. Kf2 Kf8 24. Ke3 Ke7 25. Kd4 Kd6 26.
Ne4+ Ke7 27. Kc5 Bd5 28. g4 h5 29. c4 Be6 30. Nf2 hxg4 31. hxg4 Bd7 32. g5 Nd6 33. Be4 Nb7+ 34. Kd4 Kd6 35. Nd3 Be6 36. c5+ Kd7 37. Bxc6+ Kc8 38. Bxb7+ Kxb7 39. b4 Bb3 40. bxa5 Bxa4 41.
Nb4 Bb3 42. Ke5 Kc8 43. Kf6 Kb7 44. a6+ Ka7 45. Ke7 Bc4 46. Kd8 c6 47. Kc7 Bb5 48.
Kd6 Ba4 49. Nxc6+ Kxa6 50. Ne5 Bb3 51. c6 Kb6 52. Kd7 Be6+ 53. Kd8 Kc5 54. c7 Kd4 55.
Nxf7 Ke4 56. c8=Q Bxc8 57. Kxc8 Kxf4 58. Kd8 Kf5 59. Ke8 Kg4 60. Kf8 Kh5 61. Kg7 1-0

[Event "Early-Titled-Tuesday-Blitz-April-16-2024"]
[Site "Chess.com"]
[Date "2024.04.16"]
[Round "8"]
[White "NikitaShnadrygin"]
[Black "artin10862"]
[Result "0-1"]
[WhiteElo "2740"]
[BlackElo "2938"]
[TimeControl "180+1"]
[EndTime "9:32:27 PDT"]
[Termination "artin10862 won by resignation"]

1. e4 c6 2. d4 d5 3. f3 e6 4. Nc3 Bb4 5. Bf4 b6 6. a3 Bxc3+ 7. bxc3 Ba6 8. Bd3 Ne7 9. Ne2 c5 10. Ng3 O-O 11. O-O Bxd3 12. Qxd3 Nbc6 13. dxc5 bxc5 14.
c4 d4 15. Ne2 e5 16. Bd2 Qc8 17. Rab1 Qe6 18. Rb5 Qd6 19. Rfb1 f6 20. Qb3 Rfc8 21. Nc1 Nd8 22. Nd3 Ne6 23. Rb7 Nc6 24. Qa4 h6 25. Qb5 Rab8 26. Qa6 Rxb7 27. Rxb7 Rc7 28. Rxc7 Qxc7 29.
Qb5 Ne7 30. a4 Qc6 31. Kf2 Kf7 32. Ke2 Ke8 33. Kd1 Kd7 34. Kc1 a6 35. Qb3 Qc7 36.
Kb2 Nc6 37. Qa3 Kd6 38. Ka1 g5 39. g4 h5 40. h3 hxg4 41. hxg4 Qh7 42. Qc1 Qh3 43.
Qd1 Qg2 44. Kb2 Ne7 45. Kc1 Ng6 46. Ne1 Qf1 47. c3 Qxc4 48. Qc2 Ngf4 49. Qb2 Kc7 50. a5 Qb5 51. Qa2 c4 52. Qa3 Nc5 53. Bxf4 gxf4 54. cxd4 exd4 55. Nc2 c3 56. Nxd4 Qf1+ 57. Kc2 Qd3+ 58.
Kc1 Qxd4 0-1

[Event "Early-Titled-Tuesday-Blitz-April-16-2024"]
[Site "Chess.com"]
[Date "2024.04.16"]
[Round "8"]
[White "kleber2007"]
[Black "NigiriSushies"]
[Result "0-1"]
[WhiteElo "2567"]
[BlackElo "2431"]
[TimeControl "180+1"]
[EndTime "9:32:28 PDT"]
[Termination "NigiriSushies won on time"]

1. Nf3 Nf6 2. g3 b6 3. Bg2 Bb7 4. O-O d6 5. c4 Nbd7 6. d4 g6 7. Nc3 Bg7 8. d5 O-O 9. e4 a6 10. Bf4 Re8 11. Qd2 Nf8 12. e5 Nh5 13. Rfe1 Nxf4 14.
Qxf4 Nd7 15. e6 fxe6 16. dxe6 Nf6 17. Ng5 Bxg2 18. Kxg2 Qc8 19. Nd5 Qb7 20. Qf3 Nxd5 21. cxd5 Rf8 22. Nf7 Bxb2 23. Rab1 Bg7 24. Rec1 b5 25.
Rc6 a5 26. h4 Ra6 27. Rbc1 Rxc6 28. Rxc6 b4 29. h5 a4 30. hxg6 hxg6 31. Qd3 b3 32.
Qxg6 b2 33. Nh6+ Kh8 34. Nf5 Rxf5 35. Qxf5 b1=Q 36. Qh5+ Kg8 37. Qf7+ Kh7 38. Qh5+ Bh6 39. Qf7+ Kh8 40. Qe8+ Kg7 41. Qf7+ Kh8 42. Qe8+ Kh7 43. Qf7+ Bg7 44. Qh5+ Kg8 45. Qf7+ Kh8 46. Qe8+ Bf8 47.
Qxf8+ Kh7 48. Qxe7+ Kh6 49. Qf6+ Qg6 50. Qh4+ Kg7 51. Qe7+ Kh6 52. Qh4+ Kg7 53. Qe7+ Kh8 54. Qd8+ Qg8 55. e7 Qb2 56. e8=Q Qxe8 0-1

[Event "Early-Titled-Tuesday-Blitz-April-16-2024"]
[Site "Chess.com"]
[Date "2024.04.16"]
[Round "8"]
[White "NovoselovRoman"]
[Black "UK_23"]
[Result "1-0"]
[WhiteElo "2596"]
[BlackElo "2480"]
[TimeControl "180+1"]
[EndTime "9:32:29 PDT"]
[Termination "NovoselovRoman won by resignation"]

1. e4 c6 2. d4 d5 3. Nd2 dxe4 4. Nxe4 Nf6 5. Nxf6+ exf6 6. c3 Bd6 7. Bd3 O-O 8. Qc2 Re8+ 9. Ne2 h5 10. O-O h4 11. h3 Nd7 12. Be3 Nf8 13. c4 Be6 14. Qd2 Rc8 15. f4 f5 16. Rad1 g6 17. Nc3 Nh7 18.
Bf2 Be7 19. d5 cxd5 20. cxd5 Bd7 21. Bc2 Bc5 22. Bxc5 Rxc5 23. Qd4 b6 24. d6 Qf6 25. Qd2 Rd8 26. Rfe1 Bc6 27. Bb3 Rd7 28. Qd4 Qxd4+ 29.
Rxd4 Kf8 30. Bc2 a5 31. a3 b5 32. Re5 Rxe5 33. fxe5 Ng5 34. Rxh4 Kg7 35. b4 a4 36. Bd3 f6 37. exf6+ Kxf6 38. Bxb5 Rxd6 39. Bxc6 Rxc6 40. Nxa4 Rc1+ 41. Kh2 Ra1 42. Rc4 Rxa3 43. Rc6+ Ke5 44. Nc5 Ne4 45. Rxg6 Rc3 46. Nd7+ Kf4 47. b5 Rb3 48. b6 Rb1 49. h4 Nf2 50. g3+ Kf3 51.
Ne5+ Ke4 52. Nc4 Rb4 53. b7 Kf3 54. Ne5+ Ke4 55. Nd7 Ng4+ 56. Kh3 Rb2 57. Rxg4+ fxg4+ 58. Kxg4 Rxb7 59. Nc5+ 1-0

[Event "Early-Titled-Tuesday-Blitz-April-16-2024"]
[Site "Chess.com"]
[Date "2024.04.16"]
[Round "8"]
[White "aanshnerurkar"]
[Black "Djager97"]
[Result "1-0"]
[WhiteElo "2460"]
[BlackElo "2550"]
[TimeControl "180+1"]
[EndTime "9:32:29 PDT"]
[Termination "aanshnerurkar won by resignation"]

1. e4 e5 2. Nf3 Nc6 3. Bc4 Bc5 4. c3 Nf6 5. d4 exd4 6. e5 d5 7. Bb5 Ne4 8. cxd4 Bb6 9. Nc3 O-O 10. Be3 Ne7 11.
Bd3 Nxc3 12. bxc3 Bf5 13. O-O Qd7 14. Nh4 Bxd3 15. Qxd3 Rac8 16. f4 Qg4 17. g3 c5 18.
f5 f6 19. e6 cxd4 20. cxd4 Rc4 21. Rf4 Qh5 22. a4 Ba5 23. Ng2 Rfc8 24. h4 Rc2 25. g4 Qe8 26. g5 Qh5 27. Qb5 fxg5 28. hxg5 Qh3 29. Rf2 Rxf2 30. Bxf2 Qxf5 31. Qxa5 Rf8 32.
Rf1 Qxe6 33. Qxa7 Qc6 34. Qc5 Qd7 35. a5 Ng6 36. Bg3 Rc8 37. Qb4 Re8 38. Re1 Rxe1+ 39. Qxe1 Kf7 40. Qf2+ Kg8 41. Nf4 Ne7 42. Qe3 Nf5 43. Qe6+ Qxe6 44. Nxe6 Kf7 45. Nd8+ Ke7 46.
Nxb7 Nxd4 47. a6 Nc6 48. Bf2 h6 49. gxh6 gxh6 50. Na5 Nb8 51. a7 1-0

[Event "Early-Titled-Tuesday-Blitz-April-16-2024"]
[Site "Chess.com"]
[Date "2024.04.16"]
[Round "8"]
[White "SHIVACalypso"]
[Black "NowInChess"]
[Result "1-0"]
[WhiteElo "2462"]
[BlackElo "2245"]
[TimeControl "180+1"]
[EndTime "9:32:29 PDT"]
[Termination "SHIVACalypso won on time"]

1. c4 e5 2. g3 d6 3. Bg2 g6 4.
Nf3 Bg7 5. O-O f5 6. Nc3 Nf6 7. d3 O-O 8. Rb1 a5 9. a3 Nh5 10. Nd2 Nc6 11. b4 axb4 12. axb4 Kh8 13. b5 Nb8 14.
Bb2 Nd7 15. Ra1 Rxa1 16. Qxa1 Nc5 17. Qa3 Be6 18. Nb3 Nxb3 19. Qxb3 b6 20. Ra1 f4 21. Ra8 Qf6 22. Ne4 Qe7 23. Rxf8+ Bxf8 24. Qa4 Qd8 25. Qa7 g5 26. Nc3 Bg7 27. Bd5 Bh3 28. Ne4 fxg3 29.
hxg3 h6 30. f3 Nf6 31. Nxf6 Bxf6 32. g4 h5 33. gxh5 g4 34. Qa8 Qxa8 35. Bxa8 gxf3 36. Bxf3 Kg7 37. Kh2 Be6 38. Kg3 Kh6 39. Bc1+ Bg5 40. Bxg5+ Kxg5 41. h6 Kxh6 42. Bg4 Bf7 43. Kh4 Kg7 44. Kg5 Be8 45. Be6 Bg6 46. Bd7 Bf7 47. e4 Bg6 48. Be6 Be8 49. Bc8 Bf7 50. Kf5 Bg8 51.
Bd7 Bf7 52. Be6 Bg6+ 53. Kg5 Be8 54. Bd5 Bd7 55. Bb7 Bh3 56. Bd5 Bf1 57. Kf5 Bxd3 58.
Ke6 1-0

[Event "Early-Titled-Tuesday-Blitz-April-16-2024"]
[Site "Chess.com"]
[Date "2024.04.16"]
[Round "8"]
[White "Felix-Rose"]
[Black "mapleaff"]
[Result "0-1"]
[WhiteElo "2181"]
[BlackElo "2270"]
[TimeControl "180+1"]
[EndTime "9:32:30 PDT"]
[Termination "mapleaff won by resignation"]

1. d4 d5 2. c4 e6 3. Nc3 c5 4.
cxd5 exd5 5. Nf3 Nc6 6. g3 Nf6 7.
Bg2 cxd4 8. Nxd4 Bc5 9. Be3 Qb6 10. Nxc6 Bxe3 11. fxe3 bxc6 12. Qd2 O-O 13. O-O-O Bf5 14.
Qd4 Rab8 15. Qxb6 axb6 16. e4 Nxe4 17. Nxe4 Bxe4 18. Bxe4 dxe4 19. Rd6 Rbc8 20. Rhd1 f5 21. Rd7 Rf7 22. R7d6 g5 23. Rh6 f4 24. Re6 e3 25. h4 fxg3 26. hxg5 Rf5 27. Rxe3 Rxg5 28. Rg1 h5 29. Rexg3 Rxg3 30. Rxg3+ Kh7 31. e4 Re8 32. Re3 Kg6 33. Kd2 Kg5 34. Rg3+ Kf4 35. Rh3 Kg4 36.
Re3 h4 37. e5 h3 38. e6 h2 39. Re4+ Kg3 40. Re3+ Kg4 41. Re4+ Kg5 42. Re5+ Kf4 43.
Rh5 Kg3 44. Rg5+ Kf2 45. Rh5 Kg2 46. Rg5+ Kf1 47. Rh5 Kg1 48. Rg5+ Kf2 49. Rh5 Kg3 50.
Rg5+ Kh4 51. Rg7 Rxe6 52. Rh7+ Kg3 53. a4 Rg6 54. b4 Kg2 55. Kc3 h1=Q 56. Rxh1 Kxh1 57.
a5 bxa5 58. bxa5 Rg5 59. Kb4 Rb5+ 60. Ka4 Rb8 61. a6 c5 62. Ka5 c4 63. a7 Ra8 64.
Kb4 Rxa7 65. Kxc4 Rd7 0-1

[Event "Early-Titled-Tuesday-Blitz-April-16-2024"]
[Site "Chess.com"]
[Date "2024.04.16"]
[Round "8"]
[White "Martial2008"]
[Black "NajdorfPlayerc5"]
[Result "1-0"]
[WhiteElo "2669"]
[BlackElo "2417"]
[TimeControl "180+1"]
[EndTime "9:32:31 PDT"]
[Termination "Martial2008 won on time"]

1. d4 Nf6 2. Nf3 d5 3. Bf4 e6 4. e3 c5 5. Nbd2 Bd6 6. dxc5 Bxc5 7. c4 O-O 8. cxd5 exd5 9. Be2 Nc6 10. O-O Bb6 11.
Nb3 Bg4 12. h3 Bh5 13. Bg5 Re8 14. Nfd4 Nxd4 15. Bxh5 Ne6 16. Bh4 d4 17. exd4 Nxd4 18. Bf3 Nxf3+ 19. Qxf3 Qd5 20. Qxd5 Nxd5 21. Rfd1 Nf4 22.
Bg5 Ne6 23. Bd2 Nd4 24. Nxd4 Bxd4 25. Re1 Bxb2 26. Rab1 Rxe1+ 27. Bxe1 Re8 28. Kf1 Bd4 29. Rxb7 g6 30. Rb3 Re6 31. Ra3 Rc6 32. Bd2 Rc2 33.
Be3 Bb6 34. Ra6 Rb2 35. a4 Bxe3 36. fxe3 Rb7 37. Kf2 Kg7 38. g4 Re7 39. Kf3 Kh6 40. h4 Kg7 41. g5 h6 42. e4 hxg5 43. hxg5 Rb7 44. Kf4 Re7 45. Rc6 Rb7 46. a5 Rb5 47. Ra6 Rb7 48. Ke5 Re7+ 49. Kd5 Rb7 50. Rc6 Rb5+ 51. Rc5 Rb4 52. e5 Ra4 53. Kd6 Rg4 54. Rc7 a6 55. e6 Rxg5 56. e7 Re5 57. Kxe5 f6+ 58. Ke6 f5 59. e8=Q+ 1-0

[Event "Early-Titled-Tuesday-Blitz-April-16-2024"]
[Site "Chess.com"]
[Date "2024.04.16"]
[Round "8"]
[White "Chesstiger64"]
[Black "le-castor-faineant"]
[Result "1/2-1/2"]
[WhiteElo "2368"]
[BlackElo "2321"]
[TimeControl "180+1"]
[EndTime "9:32:32 PDT"]
[Termination "Game drawn - insufficient material"]

1. Nf3 Nf6 2. g3 g6 3. Bg2 Bg7 4. O-O O-O 5. c4 d6 6. Nc3 c5 7. d4 cxd4 8. Nxd4 Nbd7 9. b3 Nc5 10. Bb2 a5 11. Re1 Bd7 12. e4 a4 13. Nd5 Nxd5 14.
exd5 axb3 15. axb3 Rxa1 16. Bxa1 Re8 17. b4 Na6 18. Bc3 Qb6 19. Qa1 Qc7 20. Bf1 Qb6 21.
h4 h5 22. Nb5 Bxc3 23. Qxc3 Bxb5 24. cxb5 Nc7 25. Qc4 e6 26. dxe6 Rxe6 27. Rxe6 Nxe6 28. Bg2 Nd4 29. Qc8+ Kg7 30. Qxb7 Qxb7 31. Bxb7 Nxb5 32.
Bc6 Na7 33. Bd5 f6 34. f4 g5 35. Kf2 gxh4 36. gxh4 Kg6 37. Be4+ Kf7 38. Ke3 Nb5 39. Bd5+ Kg6 40. Bc4 Na7 41. Ke4 Nc8 42. Be2 Nb6 43. Kd4 Kf5 44. Bxh5 Kxf4 45. Bg6 f5 46. h5 Kg5 47. b5 f4 48. Ke4 Nc8 49. Be8 Nb6 50. Bg6 Nc8 51. Kd5 f3 52. Kc6 f2 53. Bd3 Na7+ 54.
Kb6 Nxb5 55. Kxb5 Kxh5 56. Kc4 d5+ 57. Kxd5 f1=Q 58. Bxf1 1/2-1/2